 Dungeon Crawl Stone Soup version 0.23-a0-38-g6d804a8 (webtiles) character file.

12950 Amnesiac the Destroyer (level 11, 0/73 HPs)
             Began as a Mummy Conjurer on Aug 5, 2018.
             Was a High Priest of Sif Muna.
             Slain by a troll (6 damage)
             ... led by an orc warlord
             ... on level 10 of the Dungeon.
             The game lasted 00:24:45 (15443 turns).

Amnesiac the Destroyer (Mummy Conjurer)            Turns: 15443, Time: 00:24:46

Health: 0/73       AC:  5    Str: 11    XL:     11   Next: 69%
Magic:  0/26       EV: 13    Int: 18    God:    Sif Muna [*****.]
Gold:   579        SH:  7    Dex: 13    Spells: 23/32 levels left

rFire    + . .     SeeInvis .   a - staff of conjuration
rCold    + . .     Gourm    .   f - +2 buckler {reflect}
rNeg     + + +     Faith    .   k - +0 robe {rF+}
rPois    ∞         Spirit   +   m - +0 helmet
rElec    .         Reflect  +   n - +0 cloak
rCorr    .         Harm     .   d - +0 pair of gloves
MR       +....                  (no boots)
Stlth    ++........             v - amulet of guardian spirit
HPRegen  0.22/turn              r - ring of protection from fire
MPRegen  0.20/turn              (no ring)

@: divine energy
A: no food or potions, fire vulnerability, cold resistance 1, negative energy
resistance 3, torment resistance, unbreathing
a: Stop Divine Energy, Channel Magic, Forget Spell, Renounce Religion


You were on level 10 of the Dungeon.
You worshipped Sif Muna.
Sif Muna was extremely pleased with you.
You were not hungry.

You visited 3 branches of the dungeon, and saw 13 of its levels.

You collected 792 gold pieces.
You spent 213 gold pieces at shops.

Inventory:

Hand Weapons
 b - a +2 whip of electrocution
Armour
 d - a +0 pair of gloves (worn)
 f - a +2 buckler of reflection (worn)
 k - a +0 robe of fire resistance (worn)
 m - a +0 helmet (worn)
 n - a +0 cloak (worn)
Magical Staves
 a - an uncursed staff of conjuration (weapon)
Jewellery
 p - an uncursed ring of ice
 r - a ring of protection from fire (left hand)
 s - an uncursed ring of fire
 v - an amulet of guardian spirit (around neck)
Wands
 c - a wand of digging (18)
 e - a wand of acid (1)
 j - a wand of flame (51)
 l - a wand of polymorph (9)
 o - a wand of random effects (50)
Scrolls
 h - 7 scrolls of remove curse {!r}
 i - 2 scrolls of magic mapping {!r}
 q - 3 scrolls of enchant armour {!r}
 t - a scroll of vulnerability {!r}
 w - a scroll of enchant weapon {!r}
 x - a scroll of acquirement {!r}


   Skills:
 - Level 2.3 Fighting
 - Level 3.5 Dodging
 - Level 1.5 Stealth
 - Level 4.0 Shields
 - Level 11.0 Spellcasting
 - Level 11.0 Conjurations
 + Level 7.7 Invocations


You had 23 spell levels left.
You knew the following spells:

 Your Spells              Type           Power        Failure   Level  Hunger
a - Iskenderun's Mystic   Conj           ######..     1%          4    N/A
c - Dazzling Spray        Conj/Hex       #####.       2%          3    N/A
d - Searing Ray           Conj           ######       1%          2    N/A

Your spell library contained the following spells:

 Spells                   Type           Power        Failure   Level  Hunger
 Magic Dart               Conj           ####         1%          1    N/A
 Fireball                 Conj/Fire      #####.....   21%         5    N/A
 Conjure Flame            Conj/Fire      #####...     2%          3    N/A
 Bolt of Cold             Conj/Ice       #####.....   75%         6    N/A
 Throw Flame              Conj/Fire      #####.       1%          2    N/A
 Freezing Cloud           Conj/Ice/Air   ####......   94%         6    N/A
 Ozocubu's Refrigeration  Ice            #.........   100%        6    N/A
 Sticky Flame             Conj/Fire      #####...     8%          4    N/A
 Ice Form                 Ice/Tmut       #.......     56%         4    N/A
 Flame Tongue             Conj/Fire      #####        1%          1    N/A
 Metabolic Englaciation   Hex/Ice        #.........   89%         5    N/A
 Simulacrum               Ice/Necr       #.........   100%        6    N/A
 Inner Flame              Hex/Fire       #.......     22%         3    N/A
 Fulminant Prism          Conj/Hex       #####.....   8%          4    N/A
 Force Lance              Conj/Tloc      #####...     8%          4    N/A

Dungeon Overview and Level Annotations

Branches:
Dungeon (11/15)            Temple (1/1) D:5            Lair (0/6) D:11
    Orc (1/2) D:10

Altars:
Ashenzari
Cheibriados
Elyvilon
Fedhas
Gozag
Hepliaklqana
Kikubaaqudgha
Makhleb
Nemelex Xobeh
Okawaru
Qazlal
Ru
Sif Muna
Trog
Uskayaw
Vehumet
Wu Jian
Xom
Yredelemnul
Zin
The Shining One
Beogh

Shops:
D:5 [   D:10 :


Innate Abilities, Weirdness & Mutations

You do not eat or drink.
Your flesh is vulnerable to fire.
You are immune to poison.
Your flesh is cold resistant. (rC+)
You are immune to negative energy. (rN+++)
You are immune to unholy pain and torment.
You can survive without breathing.


Message History

Press: ? - help, Shift-Dir - straight line, f - warg
Aim: a warg (severely wounded)
You feel a surge of power!
The orb of energy misses the warg.
The orb of energy hits the troll.
The troll is severely wounded.
The orb of energy explodes!
Sif Muna grants you divine energy.
You briefly lose access to your magic!
You block the warg's attack. The warg closely misses you.
The orc warrior throws a tomahawk.
You reflect the tomahawk off your +2 buckler of reflection!
The tomahawk hits the orc warrior!
You see here a spear.
The warg bites you!
Things that are here:
a leather armour; a dagger The orc priest calls upon Beogh to heal the orc warrior.
The orc warrior is healed somewhat.
There is a staircase back to the Dungeon here.
Things that are here:
2 bolts; 2 tomahawks You hit the warg but do no damage.
The warg is severely wounded.
You regain access to your magic.
The orc warrior no longer looks unusually strong. x2
The warg bites you but does no damage. You block the troll's attack.
The troll claws you but does no damage. The troll barely misses you.
The orc warlord roars a battlecry!
The orc warriors go into a battle-frenzy!
The warg bites you but does no damage.
Casting: Iskenderun's Mystic Blast (safe; 1% risk of failure)
Confirm with . or Enter, or press ? or * to list all spells.
Aiming: Iskenderun's Mystic Blast (safe; 1% risk of failure)
Press: ? - help, Shift-Dir - straight line, f/p - warg
Aim: a warg (severely wounded)
You feel a surge of power!
The orb of energy hits the warg.
You kill the warg!
Sif Muna accepts your kill. Sif Muna grants you divine energy.
You briefly lose access to your magic!
You block the orc warrior's attack. The troll bites you! The troll misses you.
The troll claws you.
Unknown command.
The orc priest no longer looks unusually strong.
The orc warrior closely misses you. The troll bites you!
* * * LOW HITPOINT WARNING * * *
The troll claws you.
* * * LOW HITPOINT WARNING * * *
The troll claws you.
* * * LOW HITPOINT WARNING * * *
The troll bites you!
* * * LOW HITPOINT WARNING * * *
The troll claws you.
* * * LOW HITPOINT WARNING * * *
The troll closely misses you.
You climb upwards.
Welcome back to the Dungeon!
There is a staircase to the Orcish Mines here.
Okay, then.
The orc warrior throws a tomahawk.
You reflect the tomahawk off your +2 buckler of reflection!
The tomahawk misses the orc warrior.
You regain access to your magic.
The troll bites you.
* * * LOW HITPOINT WARNING * * *
You block the troll's attack. The troll claws you!
You die...

.........)....)).......# ##....#.
.......[...............# #.....#.
.......#(.....[[...[...###.##..#.
.#######.....######[...##........
.#######...)..........('%...#..#.
.o....##..........[)..[##...#....
..###.#####([..(...######...#.###
..##......#(.o.[...# #.......#
..##..........>T@..# #.......##
..##..........T....# ##........[
..##...............# #..........
####......#........####...####...
#......#........#......# #...
#......#........#.....## #...
####......##########.....#####...
..................##)......##....
..................##.......##...#


You could see 2 trolls and an orc warrior.

Vanquished Creatures
  2 two-headed ogres
  An ugly thing (D:11)
  A cyclops (D:11)
  Maurice (D:8)
  2 komodo dragons
  A yaktaur (Orc:1)
  Prince Ribbit (D:6)
  A hornet (D:8)
  A hippogriff (D:7)
  A wyvern (D:4)
  3 yaks (D:11)
  2 wraiths
  Grum (D:8)
  A hungry ghost (D:8)
  A human (D:8)
  9 wargs
  A water moccasin (D:8)
  A phantom (D:11)
  4 slaves (D:5)
  14 orc warriors
  2 sky beasts (D:7)
  3 black bears
  4 ice beasts
  6 ogres
  4 wolves (D:8)
  A centaur (D:10)
  2 bullfrogs
  A wyvern zombie (D:11)
  5 scorpions
  4 killer bees (D:8)
  5 wights (D:8)
  2 howler monkeys (D:9)
  4 crimson imps
  2 quasits
  2 centaur zombies
  8 hounds
  11 orc priests
  17 orc wizards
  2 bullfrog skeletons
  An iguana (D:8)
  7 worker ants
  4 killer bee zombies
  3 hound skeletons
  7 gnolls
  17 adders
  2 shadow imps
  An adder zombie (D:10)
  5 dart slugs
  3 leopard geckos
  57 orcs
  7 giant cockroaches
  6 goblins
  7 hobgoblins
  9 jackals
  5 kobolds
  3 quokkas
  8 bats
  5 frilled lizards
  A giant cockroach zombie (D:5)
  A jackal zombie (D:8)
  2 leopard gecko skeletons
  A quokka skeleton (D:5)
  6 rats
302 creatures vanquished.

Vanquished Creatures (others)
  A cyclops (D:11)
  A plant (D:11)
2 creatures vanquished.

Grand Total: 304 creatures vanquished

Notes
Turn   | Place    | Note
-------+----------+-------------------------------------------
     0 | D:1      | Amnesiac the Mummy Conjurer began the quest for the Orb.
     0 | D:1      | Reached XP level 1. HP: 13/13 MP: 4/4
   165 | D:1      | Reached XP level 2. HP: 6/20 MP: 0/5
   219 | D:1      | Learned a level 2 spell: Searing Ray
   601 | D:3      | Reached skill level 1 in Fighting
   827 | D:3      | Reached XP level 3. HP: 26/26 MP: 5/7
  1795 | D:1      | Reached XP level 4. HP: 32/32 MP: 7/9
  2169 | D:2      | Reached skill level 1 in Shields
  2661 | D:2      | Reached XP level 5. HP: 37/37 MP: 5/10
  4076 | D:4      | Reached XP level 6. HP: 43/43 MP: 7/11
  4082 | D:4      | Learned a level 4 spell: Iskenderun's Mystic Blast
  4650 | D:5      | Entered Level 5 of the Dungeon
  4680 | D:5      | Found a hide-covered altar of Uskayaw.
  4872 | D:5      | Noticed a slave
  4872 | D:5      | Noticed a slave
  4908 | D:5      | Killed a slave
  5018 | D:5      | Killed a slave
  5114 | D:5      | Noticed Pikel
  5121 | D:5      | Noticed a slave
  5195 | D:5      | Learned a level 3 spell: Dazzling Spray
  5258 | D:4      | Noticed Pikel
  5258 | D:4      | Pikel changed into Pikel the wyvern
  5524 | D:5      | Found Plog's Antique Armour Boutique.
  5552 | D:5      | Bought a glowing robe for 96 gold pieces
  5564 | D:5      | Bought a pair of gloves for 117 gold pieces
  5830 | D:5      | Reached XP level 7. HP: 50/50 MP: 6/12
  6077 | D:5      | Found a staircase to the Ecumenical Temple.
  6448 | Temple   | Entered the Ecumenical Temple
  6481 | Temple   | Became a worshipper of Sif Muna the Loreminder
  6637 | D:4      | Killed Pikel the wyvern
  6683 | D:6      | Noticed Prince Ribbit
  6690 | D:6      | Killed Prince Ribbit
  6690 | D:6      | Reached skill level 5 in Conjurations
  6851 | D:6      | Reached skill level 5 in Spellcasting
  6851 | D:6      | Reached XP level 8. HP: 52/57 MP: 3/15
  6852 | D:6      | Reached * piety under Sif Muna
  6910 | D:6      | Found an iron altar of Okawaru.
  7567 | D:7      | Reached ** piety under Sif Muna
  8048 | D:7      | Noticed a hippogriff
  8057 | D:7      | Killed a hippogriff
  8057 | D:7      | Reached XP level 9. HP: 62/62 MP: 0/19
  8744 | D:8      | Reached *** piety under Sif Muna
  8816 | D:8      | HP: 2/62 [shot self (4)]
  9092 | D:8      | Noticed Maurice
  9264 | D:8      | Killed Maurice
  9328 | D:8      | Reached **** piety under Sif Muna
  9538 | D:8      | Reached XP level 10. HP: 68/68 MP: 0/23
  9644 | D:8      | Noticed Grum
 10087 | D:8      | Killed Grum
 10301 | D:9      | Found a stormy altar of Qazlal.
 10305 | D:9      | Noticed a two-headed ogre
 10571 | D:9      | Got a brightly glowing short sword
 10806 | D:9      | Identified a scroll of acquirement {!r}
 10808 | D:9      | Identified the +6 short sword "Ostabynt" {antimagic, Str+4} (You found it on level 9 of the Dungeon)
 10877 | D:10     | Entered Level 10 of the Dungeon
 10897 | D:10     | Found Adiub's Book Shop.
 10992 | D:10     | Reached skill level 10 in Conjurations
 11032 | D:10     | Noticed a two-headed ogre
 11035 | D:10     | Killed a two-headed ogre
 11035 | D:10     | Reached ***** piety under Sif Muna
 11035 | D:10     | Reached skill level 10 in Spellcasting
 11048 | D:10     | You fall through a shaft!
 11050 | D:11     | Noticed a two-headed ogre
 11063 | D:11     | Killed a two-headed ogre
 11063 | D:11     | Received a gift from Sif Muna
 11327 | D:11     | Found a staircase to the Lair.
 11360 | D:11     | Reached XP level 11. HP: 73/73 MP: 0/26
 11444 | D:11     | Reached skill level 1 in Invocations
 11494 | D:11     | Noticed a brown ugly thing
 11804 | D:10     | Found a staircase to the Orcish Mines.
 12410 | D:11     | Killed a brown ugly thing
 12615 | D:11     | Reached skill level 5 in Invocations
 13299 | Orc:1    | Entered Level 1 of the Orcish Mines
 13299 | Orc:1    | Found a roughly hewn altar of Beogh.
 15061 | Orc:1    | Noticed an orc knight
 15301 | Orc:1    | an orc knight changed into a yaktaur
 15425 | Orc:1    | Noticed an orc warlord
 15443 | D:10     | Slain by a troll

Vault maps used:
D:1:      saegor_arrival_miasma, kennysheep_doodads, st_stairs_9
D:2:      minmay_tiny_reverse_x
D:3:      minmay_misc_feat_ornament
D:4:      first_ration
D:5:      eat_drink_and_be_merry_uskayaw, lemuel_temple_firewalk_b,
          serial_shops, nicolae_shop_trees, uniq_pikel
D:6:      okawaru_gym_becter, uniq_prince_ribbit1
D:8:      grunt_pizzeria, uniq_maurice, uniq_grum
D:9:      grunt_qazlal_sundering
D:10:     minmay_orc_entry_guard_dogs, serial_shops, shop
D:11:     david_lair_shrubbed
Temple:   grunt_wide_crystal_templ
Orc:1:    basic_altar, hangedman_minor_magic

Skill      XL: |  1  2  3  4  5  6  7  8  9 10 11 |
---------------+----------------------------------+-----
Dodging        | 2 3 |  3.5
Spellcasting   | 3 5 7 9 11 | 11.0
Fighting       | 1 2 |  2.3
Shields        | 2 3 4 |  4.0
Conjurations   | 5 7 9 11 | 11.0
Invocations    | 7 |  7.7
Stealth        | |  1.5

Action                   |  1- 3 |  4- 6 |  7- 9 | 10-12 || total
-------------------------+-------+-------+-------+-------++-------
Melee: Unarmed           |    19 |       |       |       ||    19
       Staff             |    32 |     6 |    43 |    16 ||    97
       Whip              |       |       |       |    15 ||    15
 Cast: Magic Dart        |    90 |   118 |    17 |       ||   225
       Searing Ray       |       |    15 |     7 |       ||    22
       Dazzling Spray    |       |     1 |       |       ||     1
       Iskenderun's Myst |       |       |   124 |   240 ||   364
Invok: Divine Energy     |       |       |     1 |       ||     1
Evoke: Wand              |       |     2 |    19 |     8 ||    29
  Use: Scroll            |       |     9 |     4 |    10 ||    23
Armor: Robe              |    10 |    13 |    26 |    21 ||    70
Dodge: Dodged            |    58 |    44 |    81 |   118 ||   301
Block: Buckler           |       |    20 |    46 |    74 ||   140
       Reflection        |       |       |     1 |     7 ||     8

Table legend:
 A = Spawn XP
 B = Non-spawn XP
 C = Spawn XP percentage of total XP
 D = Spawn monster count
 E = Non-spawn monster count
 F = Spawn count percentage of total count
 G = Total turns spent on level
                    A         B        C        D         E        F      G
               +---------+---------+-------+---------+---------+-------+---------
         Total |       0 |   18501 |   0.0 |       0 |     299 |   0.0 | 15443
               +---------+---------+-------+---------+---------+-------+---------
           D:1 |       0 |      59 |   0.0 |       0 |      31 |   0.0 |  1342
           D:2 |       0 |     124 |   0.0 |       0 |      26 |   0.0 |  1218
           D:3 |       0 |      41 |   0.0 |       0 |       9 |   0.0 |  1025
           D:4 |       0 |     588 |   0.0 |       0 |      14 |   0.0 |  1391
           D:5 |       0 |     194 |   0.0 |       0 |      15 |   0.0 |  1785
           D:6 |       0 |     920 |   0.0 |       0 |      17 |   0.0 |   785
           D:7 |       0 |    1050 |   0.0 |       0 |      19 |   0.0 |   839
           D:8 |       0 |    3779 |   0.0 |       0 |      53 |   0.0 |  1669
           D:9 |       0 |     462 |   0.0 |       0 |      11 |   0.0 |   777
          D:10 |       0 |    4330 |   0.0 |       0 |      37 |   0.0 |  2137
          D:11 |       0 |    5392 |   0.0 |       0 |      32 |   0.0 |  2215
        Temple |       0 |      33 |   0.0 |       0 |       1 |   0.0 |    48
         Orc:1 |       0 |    1529 |   0.0 |       0 |      34 |   0.0 |   212
               +---------+---------+-------+---------+---------+-------+---------
